Map: Ice and Chrome LE

Players

Serral - Winner!

  • Race: Zerg Zerg
  • League: Master
  • Spawn Location: 7:00

GOStephano (Stephano)

  • Race: Zerg Zerg
  • League: Grandmaster
  • Spawn Location: 1:00

Event: DreamHack SC2 Masters 2020 Summer Europe

VOD

Have the link to the VOD?

Description

Time

  • Played on: July 5, 2020, 10:21 a.m.
  • Length: 4:24

All games in this series

Show
View Real Time Build Order
Export as new Build Order

Serral Zerg - Winner!

Build Orders: Hatch First 

Get SALT Encoding   

  12  0:00  Drone  
  13  0:12  Overlord  
  13  0:17  Drone  
  14  0:30  Drone x2  
  16  0:48  Hatchery  
  15  0:50  Drone  
  15  0:54  Drone  
  17  0:57  Drone  
  18  1:08  Extractor  
  17  1:13  Spawning Pool  
  17  1:16  Drone  
  17  1:19  Drone  
  18  1:27  Drone  
  19  1:38  Drone  
  20  2:00  Queen x2  
  24  2:03  Zergling x6  
  26  2:14  Zergling x2  
  26  2:17  Zergling x2  
  26  2:22  Zergling x2  
  19  2:52  Zergling x2  
  20  2:59  Spine Crawler  
  20  3:04  Zergling x2  
  20  3:08  Zergling x2  
  21  3:13  Drone  
  21  3:18  Drone  
  23  3:22  Drone  
  24  3:41  Spawning Pool  
  23  4:04  Overlord  
Show
View Real Time Build Order
Export as new Build Order

GOStephano Zerg 

Build Orders: Pool Only 

Get SALT Encoding   

  12  0:18  Spawning Pool  
  12  0:20  Drone  
  12  0:25  Drone  
  13  0:29  Drone  
  14  0:39  Overlord  
  14  1:04  Zergling x6  
  17  1:16  Zergling x2  
  18  1:27  Zergling x2  
  19  1:41  Zergling x2  
  20  1:49  Zergling x2  
  21  2:03  Spine Crawler  
  21  2:04  Spine Crawler x2  
  18  2:09  Zergling x2  
  14  2:31  Zergling x2  
  12  2:39  Spine Crawler  
  7  2:55  Zergling x2  
  7  3:07  Zergling x2  
  8  3:18  Zergling x2  
  9  3:39  Zergling x2  
  10  3:56  Zergling x2  
Tags
 
Add a new tag
Caveats
  • Supply blocks, unpowered buildings, or Contaminate may cause inaccurate times.
  • Supply counts are checked every 10 seconds.